 Dungeon Crawl Stone Soup version 0.29-a0-824-gd827844252 (webtiles) character file.

Game seed: 1842057718487920457

36650 gobodom the Thaumaturge (level 13, 0/79 HPs)
             Began as a Demonspawn Fire Elementalist on July 10, 2022.
             Was a High Priest of Makhleb.
             Killed from afar by an electric eel (13 damage)
             ... with a bolt of electricity
             ... on level 6 of the Lair of Beasts.
             The game lasted 01:23:56 (16516 turns).

gobodom the Thaumaturge (DsFE)                     Turns: 16516, Time: 01:23:58

Health: 0/79       AC: 22    Str:  8    XL:     13   Next: 54%
Magic:  2/29       EV: 18    Int: 25    God:    Makhleb [*****.]
Gold:   1092       SH:  0    Dex: 15    Spells: 19/37 levels left

rFire   + . .      SeeInvis .   r - +2 dagger "Neimo" {speed, rF+ rC+}
rCold   + . .      Faith    .   (no shield)
rNeg    . . .      Spirit   .   K - +2 steam dragon scales
rPois   .          Reflect  .   i - +0 helmet
rElec   .          Harm     .   (no cloak)
rCorr   .          Rampage  .   A - +0 pair of gloves
Will    .....                   (no boots)
Stlth   ++........              Y - amulet of magic regeneration
HPRegen 0.23/turn               j - +4 ring of evasion
MPRegen 0.61/turn               u - +4 ring of protection

@: about to teleport, sanguine armoured, on blink cooldown, very slow
A: powered by death 1, spiny 3, sanguine armour 2, weakness stinger 2, talons 1,
thin skeletal structure 1, clever 1, frail 1
a: Renounce Religion, Minor Destruction, Lesser Servant of Makhleb, Major
Destruction, Greater Servant of Makhleb


You were on level 6 of the Lair of Beasts.
You worshipped Makhleb.
Makhleb was extremely pleased with you.
You visited 3 branches of the dungeon, and saw 17 of its levels.

You collected 1092 gold pieces.

Inventory:

Hand Weapons
 r - the +2 dagger "Neimo" (weapon) {speed, rF+ rC+}
   (You found it on level 3 of the Dungeon)

   Attacks with this weapon are significantly faster.
   rF:        It protects you from fire.
   rC:        It protects you from cold.
 G - a +4 dagger of freezing
 S - a +4 dagger of venom
Missiles
 f - 16 poisoned darts
 k - 5 datura-tipped darts
 q - 2 atropa-tipped darts
 U - 2 throwing nets
Armour
 i - a +0 helmet (worn)
 A - a +0 pair of gloves (worn)
 K - +2 steam dragon scales (worn)
 P - a +0 troll leather armour
 T - a +3 leather armour of fire resistance
Magical Staves
 t - a staff of air
 L - a staff of conjuration
Jewellery
 a - a +6 ring of dexterity
 g - an amulet of faith
 j - a +4 ring of evasion (left hand)
 u - a +4 ring of protection (right hand)
 v - a ring of wizardry
 D - a ring of willpower
 J - a ring of ice
 R - a ring of willpower
 V - a ring of protection from cold
 X - a ring of see invisible
 Y - an amulet of magic regeneration (around neck)
Wands
 s - a wand of polymorph (3)
 w - a wand of mindburst (5)
 y - a wand of flame (15)
 I - a wand of roots (12)
 M - a wand of acid (10)
 W - a wand of charming (25)
Scrolls
 c - 4 scrolls of fog
 h - 2 scrolls of magic mapping
 m - 7 scrolls of amnesia
 n - 2 scrolls of immolation
 C - 7 scrolls of teleportation
 E - a scroll of silence
 F - 3 scrolls of blinking
 H - 2 scrolls of vulnerability
 O - a scroll of brand weapon
 Q - a scroll of fear
Potions
 b - a potion of magic
 d - 9 potions of curing
 e - a potion of heal wounds
 l - 7 potions of attraction
 o - 5 potions of haste
 p - 7 potions of lignification
 x - 2 potions of brilliance
 z - 2 potions of flight
 B - 2 potions of mutation
 N - a potion of resistance
 Z - a potion of cancellation


   Skills:
 + Level 3.7 Fighting
 + Level 3.9 Short Blades
 + Level 5.1 Dodging
 + Level 6.1 Stealth
 + Level 0.1 Unarmed Combat
 + Level 12.9 Spellcasting
 + Level 8.8 Conjurations
 + Level 4.3 Hexes
 + Level 3.0 Translocations
 + Level 10.8 Fire Magic
 + Level 5.4 Invocations
 + Level 4.3 Evocations


You had 19 spell levels left.
You knew the following spells:

 Your Spells              Type           Power      Damage    Failure   Level
a - Foxfire               Conj/Fire      100%       2x1d9     1%          1
b - Scorch                Fire           100%       2d10      1%          2
c - Blink                 Tloc           62%        N/A       1%          2
d - Flame Wave            Conj/Fire      60%        2d12      1%          4
e - Inner Flame           Hex/Fire       52%        N/A       1%          3
f - Starburst             Conj/Fire      30%        6d9       10%         6

Your spell library contained the following spells:

 Spells                   Type           Power      Damage    Failure   Level
 Slow                     Hex            100%       N/A       1%          1
 Confusing Touch          Hex            37%        N/A       1%          3
 Conjure Flame            Conj/Fire      60%        6-21      1%          3
 Dazzling Flash           Conj/Hex       98%        N/A       1%          3
 Fulminant Prism          Conj/Hex       24%        3d13      2%          4
 Iskenderun's Mystic Bla  Conj/Tloc      45%        2d10      3%          4
 Poisonous Vapours        Pois/Air       32%        N/A       5%          2
 Vampiric Draining        Necr           16%        2d7       11%         3
 Manifold Assault         Tloc           31%        N/A       28%         5
 Corpse Rot               Necr/Pois/Air  16%        N/A       36%         4
 Dispel Undead            Necr           16%        3d10      36%         4
 Lee's Rapid Deconstruct  Erth           8%         3d8*      71%         5
 Death Channel            Necr           8%         N/A       99%         6
 Storm Form               Tmut/Air       8%         N/A       100%        7


Dungeon Overview and Level Annotations

Branches:
Dungeon (10/15)            Temple (1/1) D:4            Lair (6/6) D:9
 Shoals (0/4) Lair:2       Spider (0/4) Lair:2          Orc (0/2) D:9
  Slime: Lair:5-6

Altars:
Ashenzari
Cheibriados
Dithmenos
Fedhas
Gozag
Hepliaklqana
Kikubaaqudgha
Makhleb
Nemelex Xobeh
Okawaru
Qazlal
Ru
Sif Muna
Trog
Uskayaw
Vehumet
Wu Jian
Xom
Yredelemnul

Annotations:
D:10 exclusion: orange crystal statue


Innate Abilities, Weirdness & Mutations

You regenerate a little health from kills.
You are completely covered in sharp spines.
When seriously injured, your blood forms thick armour. (AC +9)
You have a tail ending in a sharp stinger.
You have sharp toenails.
You have a somewhat thin skeletal structure. (Dex +2, Stealth+)
Your mind is acute. (Int +4, Str/Dex -1)
You are frail. (-10% HP)


Message History

The komodo dragon is moderately wounded.
You hit the komodo dragon. Your kick misses the komodo dragon.
The komodo dragon is heavily wounded.
The cane toad is struck by your spines. The cane toad stings you!
* * * LOW HITPOINT WARNING * * *
You are lethally poisoned!
The cane toad poisons you!
The komodo dragon is struck by your spines.
The komodo dragon closely misses you.
You feel better.
An electric eel comes into view.
The cane toad stings you. The komodo dragon misses you.
You barely miss the komodo dragon.
The komodo dragon is heavily wounded.
The cane toad is struck by your spines. The cane toad closely misses you.
You hit the komodo dragon but do no damage.
You tail-slap the komodo dragon.
The komodo dragon is severely wounded.
The komodo dragon bites you!
* * * LOW HITPOINT WARNING * * *
The blink frog blinks!
Casting: Scorch (safe; 1% risk of failure)
Confirm with . or Enter, or press ? or * to list all spells.
You blink.
Splash!
You fall into the shallow water.
Moving in this stuff is going to be slow.
A cane toad comes into view.
The cane toad gives a loud, deep croak!
You hear an angry buzzing noise.
The electric eel shoots out a bolt of lightning at you!
The bolt of electricity hits you.
* * * LOW HITPOINT WARNING * * *
The electric eel shoots out a bolt of lightning at you!
The bolt of electricity hits you.
* * * LOW HITPOINT WARNING * * *
As you read the scroll of teleportation, it crumbles to dust.
You feel strangely unstable.
The blink frog blinks!
The electric eel shoots out a bolt of lightning at you!
The bolt of electricity hits you!
You die...

##### #.... ≈≈P≈≈.#### #.... ≈
≈≈≈≈≈≈≈..#####.... ≈≈
≈P≈≈≈≈≈≈≈≈.≈#..... ≈≈≈
#≈≈≈≈≈≈≈≈...#..... ≈≈≈≈
###≈≈≈≈≈.≈.≈≈#.....
≈≈P≈≈#≈≈≈SSP≈..†.†......
.P≈≈≈≈≈≈.....†..........
≈....F.@...≈†.........##
##..###.
....≈F..P≈......#.##.##
.......##............l..#######
.........##.........FF†## #
........P###.........#§.# #
.........###.........#### #
.........##..........#
.........###....§....# ###
..........##......#. #P###


You could see a komodo dragon (combustible), 2 cane toads, 2 blink frogs and 2
electric eels.

Vanquished Creatures
  Rupert (Lair:4)
  4 hydras
  A catoblepas (Lair:4)
  6 death yaks (Lair:3)
  Pikel (D:4)
  5 elephants
  6 black mambas
  Joseph (D:7)
  7 cane toads
  A rime drake (Lair:6)
  5 komodo dragons
  2 trolls
  5 polar bears
  A hornet (D:9)
  Grinder (D:5)
  17 blink frogs
  3 jumping spiders (Lair:2)
  A spriggan (Lair:2)
  28 yaks
  3 wyverns
  A basilisk (Lair:2)
  2 humans (D:7)
  A redback (Lair:2)
  A steam dragon (D:7)
  5 vampire mosquitoes
  10 water moccasins
  An orc warrior (D:7)
  4 black bears
  An ice beast (D:6)
  A sky beast (D:8)
  An ogre (D:3)
  10 wolves
  7 centaurs
  20 bullfrogs
  A gnoll sergeant (D:9)
  A scorpion (D:6)
  2 necrophages
  7 wights
  21 killer bees
  12 howler monkeys
  4 electric eels
  An orc priest (D:6)
  7 hounds
  A jelly (D:4)
  4 iguanas
  5 orc wizards
  6 gnolls
  9 adders
  3 shadow imps
  A white imp (D:8)
  2 ufetubi
  2 worms (D:2)
  A dart slug (D:10)
  20 orcs
  4 endoplasms
  A giant cockroach (D:2)
  10 goblins
  2 hobgoblins
  6 jackals
  5 quokkas
  A ball python (D:3)
  3 bats
  3 frilled lizards (D:1)
  6 kobolds
  8 rats
323 creatures vanquished.

Vanquished Creatures (collateral kills)
  A death yak (Lair:4)
  4 elephants
  A komodo dragon (Lair:3)
  A water moccasin (Lair:3)
  A black bear (Lair:3)
  36 foxfires
44 creatures vanquished.

Vanquished Creatures (others)
  A water moccasin (Lair:4)
  1265 foxfires
  6 fungi
  110 plants
1382 creatures vanquished.

Grand Total: 1749 creatures vanquished

Notes
Turn   | Place    | Note
-------+----------+-------------------------------------------
     0 | D:1      | gobodom the Demonspawn Fire Elementalist began the quest
                  | for the Orb.
     0 | D:1      | Reached XP level 1. HP: 13/13 MP: 3/3
   287 | D:1      | Gained mutation: You are partially covered in sharp spines.
                  | [demonic ancestry]
   287 | D:1      | Reached XP level 2. HP: 16/19 MP: 0/5
  1190 | D:2      | Gained mutation: When seriously injured, your blood forms
                  | armour. (AC +9) [demonic ancestry]
  1190 | D:2      | Reached XP level 3. HP: 24/24 MP: 0/6
  1604 | D:2      | Found a faded altar of an unknown god.
  1609 | D:2      | Prayed at the altar of an unknown god.
  1609 | D:2      | Became a worshipper of Makhleb the Destroyer
  1609 | D:2      | Reached * piety under Makhleb
  1757 | D:3      | Found a broken altar of Ashenzari.
  1760 | D:3      | Identified the +2 dagger "Neimo" {speed, rF+ rC+}
  1783 | D:3      | Noticed a +0 spear
  1783 | D:3      | Noticed a +0 falchion
  1786 | D:3      | Noticed a +0 spear
  1792 | D:3      | Noticed a +0 falchion
  1792 | D:3      | Noticed a +0 dagger
  1792 | D:3      | Noticed a +0 short sword
  1793 | D:3      | Noticed a +0 short sword
  1793 | D:3      | Noticed a +0 dagger
  1932 | D:3      | Gained mutation: When seriously injured, your blood forms
                  | thick armour. (AC +9) [demonic ancestry]
  1932 | D:3      | Reached XP level 4. HP: 26/30 MP: 4/8
  1934 | D:3      | Reached skill level 3 in Spellcasting
  2134 | D:3      | Noticed a bullfrog
  2135 | D:3      | Found a sacrificial altar of Ru.
  2135 | D:3      | Noticed an ogre
  2139 | D:3      | Found a transporter.
  2151 | D:3      | Found a transporter.
  2223 | D:3      | Found a hide-covered altar of Uskayaw.
  2525 | D:4      | Reached XP level 5. HP: 32/35 MP: 3/9
  2708 | D:4      | Found a staircase to the Ecumenical Temple.
  2773 | D:4      | Noticed a lemure
  2776 | D:4      | Noticed Pikel
  2783 | D:4      | Noticed a lemure
  2784 | D:4      | Noticed a lemure
  2792 | D:4      | Noticed a lemure
  2827 | D:4      | Killed Pikel
  2827 | D:4      | Reached ** piety under Makhleb
  2828 | D:4      | Reached skill level 1 in Fighting
  2828 | D:4      | Reached skill level 4 in Spellcasting
  2828 | D:4      | Gained mutation: You are mostly covered in sharp spines.
                  | [demonic ancestry]
  2828 | D:4      | Reached XP level 6. HP: 30/43 MP: 2/12
  2828 | D:4      | Reached XP level 7. HP: 34/48 MP: 2/13
  3409 | Temple   | Entered the Ecumenical Temple
  3503 | D:5      | Entered Level 5 of the Dungeon
  3507 | D:5      | Learned a level 2 spell: Scorch
  3946 | D:5      | Found a sparkling altar of Nemelex Xobeh.
  4201 | D:5      | Noticed Grinder
  4207 | D:5      | Paralysed by Grinder for 4 turns
  4224 | D:5      | Killed Grinder
  4225 | D:5      | Reached skill level 5 in Spellcasting
  4225 | D:5      | Reached skill level 5 in Fire Magic
  4225 | D:5      | Gained mutation: You have a small tail. [demonic ancestry]
  4225 | D:5      | Reached XP level 8. HP: 19/54 MP: 6/15
  4461 | D:5      | Learned a level 2 spell: Blink
  4985 | D:6      | Found a shimmering blue altar of Sif Muna.
  5310 | D:6      | Reached skill level 6 in Spellcasting
  5347 | D:6      | Reached skill level 1 in Evocations
  5813 | D:7      | Reached XP level 9. HP: 60/60 MP: 12/18
  5950 | D:7      | Reached skill level 5 in Conjurations
  6501 | D:7      | Found an iron altar of Okawaru.
  6502 | D:7      | Noticed Joseph
  6520 | D:7      | Reached skill level 1 in Translocations
  6523 | D:7      | Reached *** piety under Makhleb
  6533 | D:7      | Killed Joseph
  6534 | D:7      | Reached skill level 7 in Spellcasting
  7110 | D:8      | Found an ornate altar of the Wu Jian Council.
  7255 | D:8      | Gained mutation: Your mind is acute. (Int +4, Str/Dex -1)
                  | [potion of mutation]
  7255 | D:8      | Gained mutation: You are frail. (-10% HP) [potion of
                  | mutation]
  7255 | D:8      | Gained mutation: You have a somewhat thin skeletal
                  | structure. (Dex +2, Stealth+) [potion of mutation]
  7255 | D:8      | Gained mutation: You have sharp toenails. [potion of
                  | mutation]
  7525 | D:8      | Learned a level 4 spell: Flame Wave
  7529 | D:8      | Learned a level 3 spell: Inner Flame
  7852 | D:9      | Found a staircase to the Orcish Mines.
  7885 | D:9      | Gained mutation: You are completely covered in sharp
                  | spines. [demonic ancestry]
  7885 | D:9      | Reached XP level 10. HP: 41/60 MP: 8/21
  8175 | D:9      | Reached skill level 1 in Hexes
  8181 | D:9      | Reached skill level 8 in Spellcasting
  8292 | D:9      | Found a staircase to the Lair.
  8400 | D:9      | Reached **** piety under Makhleb
  8608 | D:9      | Reached skill level 1 in Invocations
  9196 | D:10     | Entered Level 10 of the Dungeon
  9356 | D:10     | Noticed an orange crystal statue
  9755 | D:10     | Found a snail-covered altar of Cheibriados.
 10354 | Lair:1   | Entered Level 1 of the Lair of Beasts
 10436 | Lair:1   | Noticed a black mamba
 10441 | Lair:1   | Killed a black mamba
 10512 | Lair:1   | Reached skill level 9 in Spellcasting
 10512 | Lair:1   | Gained mutation: You regenerate a little health from kills.
                  | [demonic ancestry]
 10512 | Lair:1   | Reached XP level 11. HP: 65/65 MP: 22/24
 11554 | Lair:2   | Found a hole to the Spider Nest.
 11607 | Lair:2   | Noticed a four-headed hydra
 11618 | Lair:2   | Killed a four-headed hydra
 11619 | Lair:2   | Reached skill level 5 in Invocations
 11626 | Lair:2   | Learned a level 6 spell: Starburst
 12157 | Lair:2   | Reached ***** piety under Makhleb
 12313 | Lair:2   | Found a staircase to the Shoals.
 12378 | Lair:2   | Noticed a five-headed hydra
 12388 | Lair:2   | Killed a five-headed hydra
 12389 | Lair:2   | Reached skill level 10 in Spellcasting
 13025 | Lair:3   | Gained mutation: You have a tail ending in a sharp stinger.
                  | [demonic ancestry]
 13025 | Lair:3   | Reached XP level 12. HP: 72/72 MP: 26/26
 13149 | Lair:3   | Reached skill level 5 in Stealth
 13187 | Lair:3   | Noticed a death yak
 13189 | Lair:3   | Noticed a death yak
 13191 | Lair:3   | Noticed a death yak
 13193 | Lair:3   | Noticed a death yak
 13196 | Lair:3   | Noticed a death yak
 13198 | Lair:3   | Noticed a death yak
 13223 | Lair:3   | Killed a death yak
 13223 | Lair:3   | Killed a death yak
 13223 | Lair:3   | Killed a death yak
 13223 | Lair:3   | Killed a death yak
 13224 | Lair:3   | Reached skill level 11 in Spellcasting
 13224 | Lair:3   | Killed a death yak
 13228 | Lair:3   | Killed a death yak
 13974 | Lair:4   | Noticed a death yak
 13983 | Lair:4   | Noticed a catoblepas
 14036 | Lair:4   | Killed a catoblepas
 14057 | Lair:4   | Noticed a seven-headed hydra
 14065 | Lair:4   | Killed a death yak
 14067 | Lair:4   | Reached skill level 10 in Fire Magic
 14069 | Lair:4   | Reached skill level 12 in Spellcasting
 14081 | Lair:4   | Killed a seven-headed hydra
 14082 | Lair:4   | Reached XP level 13. HP: 78/78 MP: 3/29
 14214 | Lair:4   | Reached skill level 5 in Dodging
 14546 | Lair:4   | Noticed Rupert
 14560 | Lair:4   | Paralysed by Rupert for 5 turns
 14574 | Lair:4   | Killed Rupert
 16354 | Lair:6   | Entered Level 6 of the Lair of Beasts
 16516 | Lair:6   | Killed from afar by an electric eel

Illustrated notes

Levels and vault maps discovered:
D:1:      saegor_arrival_under_anarchy, layout_rooms
D:2:      layout_loops_ring, hellmonk_ecumenical_altar_heavens_door,
          dk_vineyard_1
D:3:      layout_rooms, nicolae_uskayaw_en_pointe, nicolae_ashenzari_panopticon,
          gammafunk_temple_overflow_arena, grunt_decor_cap
D:4:      layout_loops_ring, minmay_temple_entry_drinking_statues, uniq_pikel
D:5:      layout_cave_pools, old_standard_altar, cheibrodos_gnoll_hut,
          uniq_grinder
D:6:      layout_gridville, led_sif_pool
D:7:      layout_cave_pods, okawaru_humans, uniq_joseph
D:8:      layout_basic, mainiacjoe_overflow_surrounded_room
D:9:      layout_stronghold, erik_lair_island, orc_0_dummy, grunt_ministairs_2
D:10:     layout_small_grid, kennysheep_slug_shrine, minivault_19,
          minmay_statue_bubble
Temple:   nicolae_temple_great_sept
Lair:1:   layout_layer_cave, chequers_serial_rivers_micro_a, minivault_25,
          grunt_megastairs_1, serial_bayou_shore_a
Lair:2:   gammafunk_indiana_jones, layout_gridlike,
          minmay_shoals_entry_centaurs, spider_nest_entry_a,
          nicolae_quartered_pool_super, grunt_forest_stairs_clearing
Lair:3:   layout_cave_pods
Lair:4:   layout_layer_cave, nicolae_lair_yak_garden, uniq_rupert
Lair:5:   layout_regular_city
Lair:6:   minmay_lair_end_frog_pond, layout_cave_pods, slime_entry_2,
          serial_forest, infiniplex_forest_clump_diagonal,
          infiniplex_forest_corner_1, infiniplex_forest_zigzag_1,
          infiniplex_forest_straight_4

Skill      XL: |  1  2  3  4  5  6  7  8  9 10 11 12 13 |
---------------+----------------------------------------+-----
Fire Magic     | 3 4 5 6 7 8 10 | 10.8
Stealth        | 2 3 4 6 |  6.1
Spellcasting   | 3 4 5 6 7 9 10 12 | 12.9
Conjurations   | 3 4 5 6 7 8 |  8.8
Dodging        | 2 3 4 5 |  5.1
Fighting       | 1 2 3 |  3.7
Short Blades   | 2 3 |  3.9
Evocations     | 1 4 |  4.3
Translocations | 1 2 3 |  3.0
Hexes          | 3 4 |  4.3
Invocations    | 4 5 |  5.4
Unarmed Combat | |  0.1

Action                   |  1- 3 |  4- 6 |  7- 9 | 10-12 | 13-15 || total
-------------------------+-------+-------+-------+-------+-------++-------
Melee: Unarmed           |    13 |       |       |       |       ||    13
       Dagger            |    12 |    46 |    88 |   110 |    36 ||   292
       Punch             |       |       |     3 |     2 |       ||     5
       Tailslap          |       |       |     9 |    19 |     7 ||    35
       Kick              |       |       |     4 |    54 |     9 ||    67
 Cast: Foxfire           |    58 |    50 |   224 |   335 |   111 ||   778
       Scorch            |       |       |    11 |    42 |    41 ||    94
       Blink             |       |       |     7 |    10 |     5 ||    22
       Flame Wave        |       |       |       |    16 |     5 ||    21
       Starburst         |       |       |       |     1 |     3 ||     4
Invok: Minor Destruction |       |       |       |     5 |       ||     5
       Lesser Servant of |       |       |       |     3 |       ||     3
Evoke: Wand              |       |       |       |    12 |       ||    12
  Use: Scroll            |       |     3 |     5 |    21 |     1 ||    30
       Potion            |       |     1 |     2 |     2 |     4 ||     9
 Stab: Sleeping          |     1 |       |     4 |     1 |       ||     6
       Petrified         |       |       |       |     4 |       ||     4
       Distracted        |       |       |       |     1 |       ||     1
Armor: Robe              |     5 |     7 |    16 |       |       ||    28
       Steam dragon scal |       |       |     2 |    87 |    19 ||   108
Dodge: Dodged            |    19 |    22 |    46 |   179 |    53 ||   319

Table legend: (Time is in decaauts)
 A = Elapsed time spent in this place.
 B = Non-inter-level travel time spent in this place.
 C = Inter-level travel time spent in this place.
 D = Time resting spent in this place.
 E = Time spent auto-exploring this place.
 F = Levels seen in this place.
 G = Mean time per level.
                   A        B        C        D        E       F      G
               +--------+--------+--------+--------+--------+-----+--------+
         Total |  16425 |  15738 |    687 |    184 |  12602 |  17 |  966.2 |
       Dungeon |  10219 |   9687 |    532 |      0 |   7893 |  10 | 1021.9 |
        Temple |     80 |     68 |     12 |      0 |     58 |   1 |   80.0 |
          Lair |   6125 |   5982 |    143 |    184 |   4651 |   6 | 1020.8 |
               +--------+--------+--------+--------+--------+-----+--------+

Top non-repeatable levels by time:
  Lair:4: 1566 daAuts
     D:7: 1443 daAuts
  Lair:1: 1209 daAuts
     D:6: 1197 daAuts
  Lair:3: 1171 daAuts
     D:9: 1167 daAuts
  Lair:2: 1150 daAuts
    D:10: 1115 daAuts
     D:4: 1096 daAuts
     D:2: 1073 daAuts
     D:5: 978 daAuts
  Lair:5: 871 daAuts
     D:8: 821 daAuts
     D:1: 666 daAuts
     D:3: 658 daAuts
